 Dungeon Crawl Stone Soup version 0.21-a0-404-g291f19a (webtiles) character file.

1459 tof the Carver (level 8, 0/71 HPs)
             Began as a Minotaur Monk on Oct 29, 2017.
             Was an Elder of Okawaru.
             Killed from afar by Dowan (8 damage)
             ... with a wand of flame (?/48)
             ... on level 6 of the Dungeon.
             The game lasted 00:16:23 (6761 turns).

tof the Carver (Minotaur Monk)                      Turns: 6761, Time: 00:16:24

Health: 0/71       AC:  9    Str: 20    XL:     8   Next: 48%
Magic:  7/7        EV: 11    Int:  7    God:    Okawaru [****..]
Gold:   241        SH:  0    Dex: 15    Spells: 7/7 levels left

rFire    . . .     SeeInvis .   r - +2 dagger (freeze)
rCold    . . .     Gourm    +   (no shield)
rNeg     + . .     Faith    .   w - +0 chain mail
rPois    .         Spirit   .   (helmet restricted)
rElec    .         Reflect  .   (no cloak)
rCorr    .         Harm     .   (no gloves)
MR       .....                  (no boots)
Stlth    ..........             y - amulet of the gourmand
HPRegen  0.21/turn              H - ring of positive energy
MPRegen  0.10/turn              A - +4 ring of strength

@: no status effects
A: retaliatory headbutt, horns 2
a: Heroism, Renounce Religion


You were on level 6 of the Dungeon.
You worshipped Okawaru.
Okawaru was greatly pleased with you.
You were very full.

You visited 2 branches of the dungeon, and saw 7 of its levels.

You collected 241 gold pieces.

Inventory:

Hand Weapons
 a - a +0 falchion
 r - a +2 dagger of freezing (weapon)
Missiles
 i - 3 tomahawks of dispersal (quivered)
 E - 2 javelins
Armour
 w - a +0 chain mail (worn)
Jewellery
 m - an uncursed ring of flight
 v - an uncursed ring of poison resistance
 y - an amulet of the gourmand (around neck)
 A - a +4 ring of strength (right hand)
 H - a ring of positive energy (left hand)
Scrolls
 b - a scroll of blinking {unknown}
 e - 2 scrolls of teleportation {unknown}
 f - 4 scrolls of fog
 k - 2 scrolls of remove curse {unknown}
 o - 4 scrolls of identify {unknown}
 p - a scroll of immolation {unknown}
 t - a scroll of enchant armour {unknown}
 u - 2 scrolls of amnesia {unknown}
 B - a scroll of random uselessness {unknown}
Potions
 h - a potion of degeneration
 j - 2 potions of lignification {unknown}
 n - a potion of agility {unknown}
 q - 2 potions of haste {unknown}
 s - a potion of brilliance {unknown}
 x - 2 potions of curing {unknown}
 z - a potion of berserk rage {unknown}
 C - a potion of heal wounds {unknown}
 F - a potion of invisibility {unknown}
Comestibles
 c - 6 bread rations
 d - 5 fruits
 g - 6 meat rations
 l - 3 royal jellies


   Skills:
 + Level 6.5 Fighting
 * Level 8.7 Long Blades
 + Level 1.9 Throwing
 + Level 5.3 Armour
 + Level 6.0 Dodging
 - Level 1.5 Stealth


You had 7 spell levels left.
You didn't know any spells.

Dungeon Overview and Level Annotations

Branches:
Dungeon (6/15)             Temple (1/1) D:4

Altars:
Cheibriados
Dithmenos
Elyvilon
Fedhas
Gozag
Makhleb
Nemelex Xobeh
Okawaru
Qazlal
Ru
Sif Muna
Trog
Uskayaw
Vehumet
Wu Jian
Xom
Yredelemnul
Zin
The Shining One

Shops:
D:5 *

Annotations:
D:6 Dowan; IceScreams's ghost, novice DrBe


Innate Abilities, Weirdness & Mutations

You reflexively headbutt those who attack you in melee.
You have a pair of horns on your head.


Message History

* * * LOW HITPOINT WARNING * * *
Dowan breathes, "And she was my only..."
Dowan zaps a wand.
The puff of flame hits you!
* * * LOW HITPOINT WARNING * * *
Dowan zaps a wand.
The puff of flame hits you!
As you read the scroll of fog, it crumbles to dust.
The scroll dissolves into smoke.
Dowan says, "How can I live without her?"
Dowan zaps a wand.
The puff of flame hits you!
* * * LOW HITPOINT WARNING * * *
Dowan casts a spell.
Dowan blinks!
You are no longer glowing.
Dowan zaps a wand.
The puff of flame hits you! Dowan gestures at you while chanting.
The shard of ice misses you.
Dowan zaps a wand.
The puff of flame hits you!
* * * LOW HITPOINT WARNING * * *
Dowan zaps a wand.
The puff of flame hits you!
You die...

#.# # ## #.#
#.#####§###
#...§§§§§..
#########
###.#######
.......<# #.#
#######.# ##.##
#.###########...#
#....@.e......#.#
#############...#
#####


You could see Dowan.

Vanquished Creatures
  Duvessa (D:6)
  An ice beast (D:5)
  An orc warrior (D:4)
  A sky beast (D:5)
  2 phantoms (D:5)
  A centaur (D:5)
  2 scorpions (D:4)
  2 crimson imps
  2 hounds (D:5)
  3 orc priests
  3 iguanas
  4 worker ants
  Natasha (thrice) (D:4)
  A hound skeleton (D:4)
  13 adders
  4 gnolls (D:5)
  An ooze (D:5)
  2 worms (D:3)
  2 dart slugs (D:4)
  4 leopard geckos
  5 orcs
  6 bats
  4 giant cockroaches
  4 goblins
  7 hobgoblins
  12 jackals
  3 quokkas
  3 ball pythons
  3 frilled lizards
  A jackal skeleton (D:6)
  8 kobolds
  A leopard gecko skeleton (D:6)
  A quokka zombie (D:5)
  5 rats
116 creatures vanquished.

Notes
Turn   | Place    | Note
-------+----------+-------------------------------------------
     0 | D:1      | tof the Minotaur Monk began the quest for the Orb.
     0 | D:1      | Reached XP level 1. HP: 19/19 MP: 0/0
    49 | D:1      | Reached XP level 2. HP: 25/27 MP: 1/1
   130 | D:1      | Reached skill level 4 in Long Blades
   437 | D:1      | Reached skill level 1 in Armour
   695 | D:2      | Found a glowing golden altar of the Shining One.
   696 | D:2      | Found a stormy altar of Qazlal.
   753 | D:2      | Reached XP level 3. HP: 29/33 MP: 2/2
  1469 | D:3      | Reached XP level 4. HP: 40/40 MP: 3/3
  1847 | D:3      | Reached skill level 5 in Long Blades
  1898 | D:3      | Reached XP level 5. HP: 41/47 MP: 4/4
  3011 | D:4      | Reached XP level 6. HP: 17/53 MP: 5/5
  3259 | D:4      | Found a staircase to the Ecumenical Temple.
  3264 | Temple   | Entered the Ecumenical Temple
  3436 | Temple   | Became a worshipper of Warmaster Okawaru
  3436 | Temple   | Reached * piety under Okawaru
  3436 | Temple   | Reached ** piety under Okawaru
  3479 | D:4      | Reached skill level 6 in Long Blades
  3567 | D:4      | Noticed Natasha
  3573 | D:4      | Killed Natasha
  3831 | D:4      | Noticed Natasha
  3839 | D:4      | Killed Natasha
  3839 | D:4      | Reached skill level 5 in Fighting
  3916 | D:4      | Noticed Natasha
  3930 | D:4      | Killed Natasha
  4051 | D:5      | Entered Level 5 of the Dungeon
  4051 | D:5      | Noticed a sky beast
  4063 | D:5      | Killed a sky beast
  4291 | D:5      | Reached XP level 7. HP: 55/61 MP: 6/6
  4361 | D:5      | Reached skill level 7 in Long Blades
  4535 | D:5      | Reached skill level 5 in Dodging
  4623 | D:5      | Reached *** piety under Okawaru
  5234 | D:5      | Reached skill level 8 in Long Blades
  5234 | D:5      | Reached XP level 8. HP: 70/70 MP: 7/7
  5267 | D:4      | Reached skill level 1 in Throwing
  5502 | D:5      | Reached skill level 5 in Armour
  5599 | D:5      | Reached **** piety under Okawaru
  5633 | D:5      | Found an opulent altar of Gozag.
  5637 | D:5      | Found Gozag's Platinum Reserve.
  5858 | D:6      | Noticed IceScreams's ghost (novice DrBe)
  6694 | D:6      | Noticed Dowan
  6695 | D:6      | Noticed Duvessa
  6732 | D:6      | Killed Duvessa
  6761 | D:6      | Killed from afar by Dowan

Vault maps used:
D:1:      mrwooster_arrival_arrow, supply_closet_lemuel
D:2:      gammafunk_temple_overflow_statue
D:3:      grunt_ministairs_2
D:4:      temple_doors_e, first_bread, moated_statue, uniq_natasha
D:5:      nicolae_gozag_zags_fifth_avenue
D:6:      lemuel_zombie_altar_kikubaaqudgha, uniq_duvessa
Temple:   eino_temple_rhombus

Skill      XL: |  1  2  3  4  5  6  7  8 |
---------------+-------------------------+-----
Long Blades    | 4 5 6 8 |  8.7
Armour         | 1 2 3 4 5 |  5.3
Fighting       | 4 5 6 |  6.5
Dodging        | 4 5 6 |  6.0
Throwing       | 1 |  1.9
Stealth        | |  1.5

Action                   |  1- 3 |  4- 6 |  7- 9 || total
-------------------------+-------+-------+-------++-------
Melee: Falchion          |    59 |    13 |       ||    72
       Headbutt          |     9 |    37 |    47 ||    93
       Dagger            |       |   170 |   205 ||   375
       Punch             |       |       |     2 ||     2
Throw: Tomahawk          |       |    11 |    35 ||    46
       Javelin           |       |       |     2 ||     2
Invok: Heroism           |       |       |     1 ||     1
  Use: Potion            |     2 |       |       ||     2
       Scroll            |       |     1 |     1 ||     2
 Stab: Sleeping          |     4 |     1 |       ||     5
  Eat: Chunk             |     1 |     5 |    25 ||    31
       Bread ration      |       |     1 |       ||     1
Armor: Robe              |     6 |       |       ||     6
       Leather armour    |    10 |    15 |       ||    25
       Chain mail        |       |    81 |    71 ||   152
Dodge: Dodged            |    64 |   105 |    74 ||   243
       Rpst.: Falchion   |    11 |     4 |       ||    15

Table legend:
 A = Spawn XP
 B = Non-spawn XP
 C = Spawn XP percentage of total XP
 D = Spawn monster count
 E = Non-spawn monster count
 F = Spawn count percentage of total count
 G = Total turns spent on level
                    A         B        C        D         E        F      G
               +---------+---------+-------+---------+---------+-------+---------
         Total |       0 |    2085 |   0.0 |       0 |     116 |   0.0 |  6761
               +---------+---------+-------+---------+---------+-------+---------
           D:1 |       0 |      24 |   0.0 |       0 |      14 |   0.0 |   532
           D:2 |       0 |      89 |   0.0 |       0 |      16 |   0.0 |  1209
           D:3 |       0 |     153 |   0.0 |       0 |      34 |   0.0 |   926
           D:4 |       0 |     450 |   0.0 |       0 |      16 |   0.0 |  1411
           D:5 |       0 |    1082 |   0.0 |       0 |      26 |   0.0 |  2177
           D:6 |       0 |     287 |   0.0 |       0 |      10 |   0.0 |   317
               +---------+---------+-------+---------+---------+-------+---------
